 Dungeon Crawl Stone Soup version 0.24.1-8-ga250c9d538 (webtiles) character file.

Game seed: 6999350960797653220, levelgen mode: deterministic

3596 Peloso the Carver (level 9, -17/70 HPs)
             Began as a Demonspawn Fighter on Apr 30, 2020.
             Was a Priest of Okawaru.
             Demolished by an orc warrior
             ... wielding a +0 dire flail
              (20 damage)
             ... on level 7 of the Dungeon.
             The game lasted 00:21:32 (8957 turns).

Peloso the Carver (Demonspawn Fighter)              Turns: 8957, Time: 00:21:32

Health: -17/70     AC: 12    Str: 20    XL:     9   Next: 85%
Magic:  9/9        EV:  3    Int:  9    God:    Okawaru [***...]
Gold:   326        SH:  9    Dex: 13    Spells: 8/8 levels left

rFire    . . .     SeeInvis .   a - +0 long sword
rCold    . . .     Gourm    .   c - +0 shield
rNeg     . . .     Faith    .   l - +0 plate armour (curse)
rPois    .         Spirit   .   (no helmet)
rElec    .         Reflect  .   m - scarf {repulsion}
rCorr    .         Harm     .   (no gloves)
MR       .....                  t - +0 pair of boots
Stlth    ..........             (no amulet)
HPRegen  0.21/turn              n - ring of flight
MPRegen  0.11/turn              w - ring of wizardry

@: very heavily drained, repel missiles
A: powered by death 3, rot immunity
a: Heroism, Renounce Religion, Evoke Flight


You were on level 7 of the Dungeon.
You worshipped Okawaru.
Okawaru was most pleased with you.
You were hungry.

You visited 1 branch of the dungeon, and saw 8 of its levels.
You also visited: Ossuary.

You collected 326 gold pieces.

Inventory:

Hand Weapons
 a - a +0 long sword (weapon)
Armour
 b - a +0 scale mail
 c - a +0 shield (worn)
 l - a cursed +0 plate armour (worn)
 m - a scarf of repulsion (worn)
 t - a +0 pair of boots (worn)
Jewellery
 n - a ring of flight (left hand)
 w - a ring of wizardry (right hand)
Wands
 d - a wand of random effects (20)
 e - a wand of digging (10)
 q - a wand of acid (6)
 D - a wand of flame (27)
 G - a wand of disintegration (7)
Scrolls
 g - a scroll of enchant armour {unknown}
 h - 3 scrolls of remove curse
 j - 2 scrolls of magic mapping {unknown}
 p - a scroll of fog
 r - 4 scrolls of enchant weapon
 u - 4 scrolls of fear
 v - 13 scrolls of identify
 x - 2 scrolls of teleportation
 y - a scroll of holy word {unknown}
 A - 2 scrolls of random uselessness {unknown}
 F - 2 scrolls of vulnerability {unknown}
Potions
 i - 2 potions of haste
 k - 3 potions of flight {unknown}
 o - 4 potions of brilliance
 s - a potion of magic
 z - 2 potions of curing
 B - a potion of resistance {unknown}
 C - a potion of might
Comestibles
 f - 9 rations


   Skills:
 + Level 6.3(2.6) Fighting
 + Level 8.0(4.2) Long Blades
 + Level 6.1(2.5) Armour
 + Level 1.4(0.0) Dodging
 + Level 7.3(3.5) Shields
 + Level 0.8(0.0) Invocations
 + Level 0.1(0.0) Evocations


You had 8 spell levels left.
You didn't know any spells.
Your spell library contained the following spells:

 Spells                   Type           Power        Failure   Level  Hunger
 Infusion                 Chrm           #...         100%        1    ##.....
 Shroud of Golubria       Chrm/Tloc      #.....       100%        2    ###....
 Song of Slaying          Chrm           #.......     100%        2    ###....
 Regeneration             Chrm/Necr      #.........   100%        3    ####...
 Spectral Weapon          Hex/Chrm       #.......     100%        3    ####...


Dungeon Overview and Level Annotations

Branches:
Dungeon (8/15)             Temple (0/1) D:4         Ossuary (visited)
   Lair: D:8-11

Altars:
Ashenzari
Elyvilon
Makhleb
Okawaru
Sif Muna
Trog
Vehumet
Zin

Shops:
D:4 }


Innate Abilities, Weirdness & Mutations

You regenerate a lot of health from kills.
You are immune to rotting.


Message History

The orc warrior hits you but does no damage.
You hit the orc warrior.
The orc warrior is almost dead.
The orc warrior barely misses you.
You hit the orc warrior.
The orc warrior is almost dead.
The orc warrior hits you with a +0 dire flail.
You closely miss the orc warrior.
The orc warrior is almost dead.
The orc warrior hits you with a +0 dire flail!
Your plate armour prevents you from hitting the orc warrior.
The orc warrior is almost dead.
The orc warrior hits you with a +0 dire flail!!
* * * LOW HITPOINT WARNING * * *
You closely miss the orc warrior.
The orc warrior is almost dead.
The orc warrior hits you with a +0 dire flail.
* * * LOW HITPOINT WARNING * * *
The orc warrior hits you with a +0 dire flail!!
You die...

####.#.#.......#######.#
#......#.......# #####.##
#.#............# #......##
#.#......####### #.#...#.#
#.#.###### #....#.##
#.#.###############.##.##
###.#.#......##...###.####
#.......####.##(......# #
#.#.#........@[[..##### #
#.#.#....#..o....## #
#.#.....(..#..##.# ###
####.##..........##.#
##.######
...#.............##.#
##...##...
##.########.....)...#
#.......#. ######
######[#### ##....#... #
#..### #...# ##.#.##.# #
##.#.# #...# #.#.##..


You could see an orc warrior.

Vanquished Creatures
  Sigmund (D:2)
  A spriggan (D:7)
  A hungry ghost (D:7)
  Edmund (D:4)
  An orc warrior (D:7)
  A necrophage (D:7)
  A phantom (D:6)
  2 ogres
  2 centaurs
  A big kobold (D:7)
  5 bullfrogs
  10 scorpions
  3 wights (D:6)
  A howler monkey (D:6)
  2 centaur zombies (Ossuary)
  A quasit (D:7)
  3 jellies
  3 human zombies (Ossuary)
  3 orc priests
  A bullfrog skeleton (D:7)
  3 hounds
  2 iguanas
  12 orc wizards
  Ijyb (D:3)
  4 worker ants
  A big kobold zombie (Ossuary)
  A hound zombie (D:5)
  3 mummies (Ossuary)
  7 gnolls
  6 scorpion zombies (Ossuary)
  10 adders
  2 shadow imps
  An ooze (D:1)
  An adder zombie (D:6)
  4 worms
  A dart slug (D:4)
  5 leopard geckos
  40 orcs
  7 bats
  8 giant cockroaches
  A gnoll zombie (Ossuary)
  8 goblins
  6 hobgoblins
  11 jackals
  14 kobolds
  4 quokkas
  4 frilled lizards
  3 hobgoblin zombies (Ossuary)
  3 kobold zombies (Ossuary)
  2 leopard gecko skeletons
  An orc zombie (Ossuary)
  5 rats
225 creatures vanquished.

Vanquished Creatures (others)
  A scorpion (Ossuary)
  A jackal (D:4)
  A goblin zombie (Ossuary)
3 creatures vanquished.

Grand Total: 228 creatures vanquished

Notes
Turn   | Place    | Note
-------+----------+-------------------------------------------
     0 | D:1      | Peloso the Demonspawn Fighter began the quest for the Orb.
     0 | D:1      | Reached XP level 1. HP: 18/18 MP: 1/1
   110 | D:1      | Gained mutation: You regenerate a little health from kills.
                  | [demonic ancestry]
   110 | D:1      | Reached XP level 2. HP: 23/24 MP: 2/2
   243 | D:1      | Reached skill level 2 in Long Blades
  1025 | D:2      | Gained mutation: You are immune to rotting. [demonic
                  | ancestry]
  1025 | D:2      | Reached XP level 3. HP: 27/29 MP: 3/3
  1262 | D:2      | Noticed Sigmund
  1286 | D:2      | Killed Sigmund
  1286 | D:2      | Reached skill level 3 in Long Blades
  1286 | D:2      | Reached XP level 4. HP: 13/36 MP: 4/4
  1286 | D:2      | Reached XP level 5. HP: 15/41 MP: 5/5
  2149 | D:2      | Found an iron altar of Okawaru.
  2157 | D:2      | Became a worshipper of Warmaster Okawaru
  2325 | D:3      | Gained mutation: You regenerate health from kills. [demonic
                  | ancestry]
  2325 | D:3      | Reached XP level 6. HP: 48/48 MP: 6/6
  2355 | D:3      | Noticed Ijyb
  2365 | D:3      | Killed Ijyb
  2454 | D:3      | Reached skill level 4 in Long Blades
  3076 | D:3      | Found a shimmering blue altar of Sif Muna.
  3300 | D:4      | Found Futuidel's Gadget Shoppe.
  3648 | D:4      | Reached XP level 7. HP: 49/54 MP: 7/7
  3878 | D:4      | Found an iron altar of Okawaru.
  3881 | D:4      | Found a white marble altar of Elyvilon.
  3882 | D:4      | Found a bloodstained altar of Trog.
  3931 | D:4      | Found a glowing silver altar of Zin.
  3967 | D:4      | Noticed Edmund
  4025 | D:4      | Reached * piety under Okawaru
  4030 | D:4      | Killed Edmund
  4030 | D:4      | Reached skill level 5 in Long Blades
  4311 | D:4      | Reached skill level 5 in Shields
  4503 | D:4      | Found a staircase to the Ecumenical Temple.
  4850 | D:5      | Entered Level 5 of the Dungeon
  4885 | D:5      | Reached XP level 8. HP: 58/61 MP: 8/8
  5248 | D:5      | Found a shattered altar of Ashenzari.
  5559 | D:6      | Reached skill level 6 in Long Blades
  5628 | D:6      | Reached ** piety under Okawaru
  5672 | D:6      | Reached skill level 1 in Dodging
  5707 | D:6      | Reached skill level 5 in Fighting
  5988 | D:6      | Found a burning altar of Makhleb.
  5998 | D:6      | Found a radiant altar of Vehumet.
  6010 | D:6      | Reached skill level 5 in Armour
  6044 | D:6      | Found a sand-covered staircase.
  6049 | Ossuary  | Entered an ossuary
  6513 | Ossuary  | Gained mutation: You regenerate a lot of health from kills.
                  | [demonic ancestry]
  6513 | Ossuary  | Reached XP level 9. HP: 58/68 MP: 9/9
  6549 | Ossuary  | Reached skill level 7 in Long Blades
  7055 | D:6      | Reached *** piety under Okawaru
  8692 | D:7      | Reached skill level 8 in Long Blades
  8956 | D:7      | HP: 3/70 [orc warrior/+0 dire flail (20)]
  8957 | D:7      | Demolished by an orc warrior

Levels and vault maps discovered:
D:1:      eino_arrival_tree_alley, layout_basic, nrook_uturn
D:2:      layout_loops_cross, first_ration, okawaru_altar_gauntlet_db,
          uniq_sigmund
D:3:      layout_loops_ring, lemuel_blue_sif_altar, uniq_ijyb
D:4:      layout_basic, marbit_many_paths, minitemple,
          minmay_temple_entry_trees, serial_shops, nicolae_shop_crystal,
          minmay_fractal_squares_5, uniq_edmund
D:5:      layout_basic, ashenzari_altar_1, chequers_avenue, solitary_fountain,
          hangedman_decor_peaks_small
D:6:      layout_basic, vehumet_altar_wand_db, enter_ossuary_2,
          makhleb_heckhound_becter
D:7:      layout_loops_cross, the_bakery, grunt_decor_cap
D:8:      minmay_the_grid_octo_tiled_octocenter [minmay_the_grid_octo_empty,
          minmay_the_grid_octo_focus, minmay_the_grid_octo_checkered,
          minmay_the_grid_octo_teeth,
          minmay_the_grid_octo_prize_ultimate_mussel_roller,
          minmay_the_grid_square_5x5_n_small,
          minmay_the_grid_square_5x5_inner_v, minmay_the_grid_square_5x5_c,
          minmay_the_grid_square_5x5_broken_cross], layout_rooms,
          nicolae_tso_carved_into_rock

Skill      XL: |  1  2  3  4  5  6  7  8  9 |
---------------+----------------------------+-----
Long Blades    | 2 3 4 5 6 8 |  8.0
Armour         | 3 4 5 6 |  6.1
Shields        | 3 4 5 6 7 |  7.3
Fighting       | 4 5 6 |  6.3
Dodging        | 1 |  1.4
Invocations    | |  0.8
Evocations     | |  0.1

Action                   |  1- 3 |  4- 6 |  7- 9 || total
-------------------------+-------+-------+-------++-------
Melee: Long sword        |   137 |   349 |   907 ||  1393
Invok: Heroism           |       |       |    12 ||    12
Evoke: Wand              |       |       |     3 ||     3
  Use: Potion            |     6 |     1 |     5 ||    12
       Scroll            |       |     2 |     8 ||    10
  Eat: Chunk             |     1 |     5 |    17 ||    23
       Ration            |       |     1 |     2 ||     3
Armor: Plate armour      |   113 |   285 |   735 ||  1133
       Scale mail        |     5 |       |       ||     5
Dodge: Dodged            |    17 |    51 |   202 ||   270
       Deflected         |       |     4 |     5 ||     9
Block: Shield            |    78 |   201 |   653 ||   932
       Rpst.: Long sword |     6 |     9 |    61 ||    76
